 Dungeon Crawl Stone Soup version 0.28.0-53-g5a82cb258f (webtiles) character file.

Game seed: 5350209272608629244

140 DocClef the Chiller (level 5, -6/34 (35) HPs)
             Began as a Demonspawn Ice Elementalist on July 11, 2022.
             Was an Initiate of Okawaru.
             Mangled by an iguana (8 damage)
             ... on level 4 of the Dungeon.
             The game lasted 00:02:49 (3382 turns).

DocClef the Chiller (Demonspawn Ice Elementalist)   Turns: 3382, Time: 00:02:49

HP:   -6/34 (35)    AC:  3    Str:  8    XL:     5   Next: 2%
MP:   2/8           EV: 12    Int: 19    God:    Okawaru [......]
Gold: 103           SH:  0    Dex: 13    Spells: 7/8 levels left

rFire   . . .      SeeInvis .   n - +0 dagger (drain)
rCold   . . .      Faith    .   (no shield)
rNeg    . . .      Spirit   .   a - +0 robe
rPois   .          Reflect  .   (no helmet)
rElec   .          Harm     .   (no cloak)
rCorr   .          Rampage  .   e - +0 pair of gloves
Will    .....                   (no boots)
Stlth   ++........              (no amulet)
HPRegen 0.11/turn               (no ring)
MPRegen 0.11/turn               (no ring)

@: lightly drained
A: (demonic guardian 2), powered by death 1
a: Renounce Religion


You were on level 4 of the Dungeon.
You worshipped Okawaru.
Okawaru was noncommittal.
You visited 1 branch of the dungeon, and saw 4 of its levels.

You collected 103 gold pieces.

Inventory:

Hand Weapons
 n - a +0 dagger of draining (weapon)
Missiles
 i - 10 javelins
Armour
 a - a +0 robe (worn)
 e - a +0 pair of gloves (worn)
Jewellery
 g - an amulet of faith
Scrolls
 f - 2 scrolls of enchant weapon {unknown}
 h - a scroll of acquirement {unknown}
 j - a scroll of immolation {unknown}
 k - 2 scrolls of teleportation {unknown}
 l - 2 scrolls of blinking {unknown}
 m - a scroll of brand weapon {unknown}
 p - a scroll of identify {unknown}
Potions
 b - 3 potions of heal wounds {unknown}
 c - a potion of mutation {unknown}
 d - a potion of attraction {unknown}
 o - a potion of magic {unknown}


   Skills:
 - Level 1.7 Dodging
 - Level 1.7 Stealth
 - Level 2.0 Spellcasting
 + Level 5.8 Ice Magic


You had 7 spell levels left.
You knew the following spells:

 Your Spells              Type           Power      Damage    Failure   Level
a - Freeze                Ice            96%        1d11      1%          1

Your spell library contained the following spells:

 Spells                   Type           Power      Damage    Failure   Level
 Frozen Ramparts          Ice            48%        1d6       4%          3
 Ozocubu's Armour         Ice            24%        N/A       4%          3
 Hailstorm                Conj/Ice       12%        3d5       45%         4


Dungeon Overview and Level Annotations

Branches:
Dungeon (4/15)
 Temple: D:4-7

Altars:
Okawaru

Shops:
D:1 [


Innate Abilities, Weirdness & Mutations

((A demonic guardian rushes to your aid.))
You regenerate a little health from kills.


Message History

The hound misses you. The hound closely misses you.
The hound barely misses you. The hound bites you. The hound closely misses you.
The hound misses you. The hound bites you.
You freeze the hound.
The hound is moderately wounded.
The hound bites you but does no damage.
You freeze the hound.
The hound is heavily wounded.
The hound bites you. x2
You freeze the hound.
The hound is almost dead.
The hound closely misses you.
You freeze the hound!
You kill the hound!
Okawaru accepts your kill.
You have reached level 5!
Your demonic ancestry asserts itself...
Your guardian grows in power.
You freeze the iguana.
The iguana is lightly wounded.
The iguana bites you!
You are too injured to fight recklessly!
You are too injured to fight recklessly!
You are too injured to fight recklessly!
You are too injured to fight recklessly!
Unknown command.
You hit the iguana but do no damage.
The iguana is lightly wounded.
The iguana barely misses you.
You barely miss the iguana.
The iguana is lightly wounded.
The iguana bites you!
* * * LOW HITPOINT WARNING * * *
You hit the iguana but do no damage. You drain the iguana.
The iguana is lightly wounded.
The iguana bites you!
You die...

#.######.##.##.......
#...........# .......
#.######.#####.......
##.###).......#l..####
#..>........###...###
#..###)####...#...##
#..# #.# #g#.'...##
#..# #)# #l###g..##
#..# #.# #@# ...###
#..# #.# #.# ...####
#..# #.# #.# .......
#(.# #.# #.# .......
#..# #.# #.# .......
#.# #.# ######+
#.####.####.#
#...........#
#.###...#####


You could see an iguana (drained) and a hobgoblin.

Vanquished Creatures
  A hound (D:4)
  An orc wizard (D:4)
  5 adders
  3 orcs
  A bat (D:1)
  5 endoplasms
  2 giant cockroaches (D:3)
  3 goblins
  2 hobgoblins (D:1)
  4 jackals (D:2)
  A quokka (D:1)
  5 ball pythons
  2 frilled lizards
  2 kobolds
  A rat (D:1)
38 creatures vanquished.

Notes
Turn   | Place    | Note
-------+----------+-------------------------------------------
     0 | D:1      | DocClef the Demonspawn Ice Elementalist began the quest for
                  | the Orb.
     0 | D:1      | Reached XP level 1. HP: 13/13 MP: 3/3
    54 | D:1      | Found Efuna's Armour Emporium.
   355 | D:1      | Reached skill level 4 in Ice Magic
   411 | D:1      | Gained mutation: You regenerate a little health from kills.
                  | [demonic ancestry]
   411 | D:1      | Reached XP level 2. HP: 16/19 MP: 3/5
   506 | D:1      | You fall into a shaft and drop 1 floor!
   895 | D:2      | Found an iron altar of Okawaru.
   990 | D:2      | Became a worshipper of Warmaster Okawaru
  1663 | D:2      | Reached XP level 3. HP: 17/24 MP: 1/6
  2252 | D:3      | Reached skill level 5 in Ice Magic
  2614 | D:3      | Found a faded altar of an unknown god.
  2627 | D:3      | Gained mutation: A weak demonic guardian rushes to your
                  | aid. [demonic ancestry]
  2627 | D:3      | Reached XP level 4. HP: 23/30 MP: 7/7
  3379 | D:4      | Gained mutation: A demonic guardian rushes to your aid.
                  | [demonic ancestry]
  3379 | D:4      | Reached XP level 5. HP: 22/34 MP: 3/8
  3382 | D:4      | Mangled by an iguana

Illustrated notes

Levels and vault maps discovered:
D:1:      mrwooster_arrival_statue, layout_loops_ring, serial_shops, shop
D:2:      layout_basic, basic_altar, nicolae_figureground_sparkle
D:3:      layout_loops_corners, dreamdust_ecumenical_altar_grove,
          serial_bayou_pond_e
D:4:      layout_loops_ring, kennysheep_another_room, kennysheep_path_1

Skill      XL: |  1  2  3 |
---------------+----------+-----
Ice Magic      | 4 5 |  5.8
Dodging        | |  1.7
Stealth        | |  1.7
Spellcasting   | |  2.0

Action                   |  1- 3 |  4- 6 || total
-------------------------+-------+-------++-------
Melee: Unarmed           |     8 |       ||     8
       Dagger            |    37 |    33 ||    70
 Cast: Freeze            |    32 |    14 ||    46
 Stab: Sleeping          |     3 |       ||     3
       Distracted        |       |     1 ||     1
Armor: Robe              |    17 |     4 ||    21
Dodge: Dodged            |    36 |    31 ||    67
